 Dungeon Crawl Stone Soup version 0.31-a0-182-gc5ef74bbde (webtiles) character file.

Game seed: 4876695366123462546

29 2FriedEggs the Charlatan (level 3, 0/20 HPs)
             Began as a Kobold Artificer on June 20, 2023.
             Slain by Sigmund
             ... wielding a +1 scythe of freezing
              (2 damage)
             ... on level 2 of the Dungeon.
             The game lasted 00:02:19 (1142 turns).

2FriedEggs the Charlatan (Kobold Artificer)         Turns: 1142, Time: 00:02:19

Health: 0/20       AC:  7    Str:  9    XL:     3   Next: 32%
Magic:  3/3        EV: 13    Int: 12    God:
Gold:   68         SH:  0    Dex: 17    Spells: 2/2 levels left

rFire   . . .        a - +0 club
rCold   . . .        (no shield)
rNeg    . . .        h - +0 ring mail
rPois   .            i - +2 hat
rElec   .            (no cloak)
rCorr   .            (no gloves)
SInv    .            (no boots)
Will    .....        (no amulet)
Stlth   ++           (no ring)
HPRegen 0.23/turn    (no ring)
MPRegen 0.08/turn

%: no passive effects
@: invisible
A: small, no large weapons, nightstalker 3
a: no special abilities


You were on level 2 of the Dungeon.
You visited 1 branch of the dungeon, and saw 2 of its levels.

You collected 68 gold pieces.

Inventory:

Hand Weapons
 a - a +0 club (weapon)
Armour
 b - a +0 leather armour
 h - a +0 ring mail (worn)
 i - a +2 hat (worn)
Jewellery
 o - a +4 ring of protection
Wands
 c - a wand of flame (9) (quivered)
 d - a wand of charming (15)
 e - a wand of iceblast (5)
Scrolls
 f - 5 scrolls of poison {unknown}
 j - 2 scrolls of identify {unknown}
 k - a scroll of enchant weapon {unknown}
 l - a scroll of fear {unknown}
 m - a scroll of teleportation {unknown}
Potions
 n - a potion of might {unknown}
 p - a potion of curing {unknown}


   Skills:
 - Level 1.1 Fighting
 - Level 0.7 Armour
 - Level 2.4 Dodging
 - Level 1.3 Stealth
 + Level 5.1 Evocations


You had 2 spell levels left.
You didn't know any spells.
Your spell library contained the following spells:

 Spells                   Type           Power      Damage    Failure   Level
 Beastly Appendage        Tmut           0%         N/A       67%         1
 Wereblood                Tmut           0%         N/A       80%         2
 Spider Form              Tmut/Pois      0%         N/A       95%         3


Dungeon Overview and Level Annotations

Branches:
Dungeon (2/15)

Altars:

Shops:
D:1 ?

Annotations:
D:2 Sigmund


Innate Abilities, Weirdness & Mutations

You are small and have problems with some larger weapons.
You are completely attuned to the shadows.


Message History

The kobold is moderately wounded.
The frilled lizard bites you. The kobold hits you but does no damage.
You closely miss the kobold.
The kobold is moderately wounded.
The frilled lizard bites you but does no damage.
The kobold closely misses you.
You hit the kobold.
The kobold is severely wounded.
The kobold barely misses you.
The frilled lizard hisses.
The frilled lizard closely misses you.
You hit the kobold.
You kill the kobold!
Something hits you! Something freezes you.
The frilled lizard bites you but does no damage.
The kobold barely misses you.
The frilled lizard unfolds its giant frill.
The frilled lizard bites you but does no damage.
It was a potion of invisibility.
You fade into invisibility!
Something barely misses you.
The frilled lizard bites you but does no damage.
The kobold closely misses you.
Unknown command.
Okay, then.
You hit the kobold but do no damage. Something hits you but does no damage.
The frilled lizard barely misses you. The kobold completely misses you.
You catch the helpless kobold completely off-guard!
You hit the kobold.
The kobold is severely wounded.
The frilled lizard barely misses you. The kobold misses you.
Something hits you but does no damage.
You hit the kobold.
You kill the kobold!
The frilled lizard bites you but does no damage.
The frilled lizard closely misses you. Something hits you.
* * * LOW HITPOINT WARNING * * *
Something freezes you.
You die...

#.#######.#........†# #.
#...#####...........###### #.
###...(..................# ###.
.....######..............# #...
.###.# #...†..........#####.#.
#.### ##.>...>........#....#.
##...# ##.............†....##
#..#.# ####l#........##...##
#.##.##### ###@#.............##
#(##.>...###...........##....##
#.######..#..#..{....[.###...##
... ##.#.##.#....... #...##
#...##.##..#### #...##
.#......# .## ###### ......#.#
# ### ......##.# ##..
#..#...... #..#


You could see a frilled lizard (wandering, unable to see you).

Vanquished Creatures
  An adder (D:2)
  4 ball pythons
  A bat (D:2)
  An endoplasm (D:1)
  A giant cockroach (D:2)
  A goblin (D:1)
  2 quokkas (D:1)
  3 frilled lizards
  4 kobolds
  A rat (D:1)
19 creatures vanquished.

Notes
Turn   | Place    | Note
-------+----------+-------------------------------------------
     0 | D:1      | 2FriedEggs the Kobold Artificer began the quest for the
                  | Orb.
     0 | D:1      | Reached XP level 1. HP: 12/12 MP: 1/1
    22 | D:1      | Found Isara's Magic Scroll Shoppe.
   127 | D:1      | Reached skill level 4 in Evocations
   337 | D:1      | Reached XP level 2. HP: 15/16 MP: 2/2
   975 | D:2      | Reached XP level 3. HP: 8/20 MP: 3/3
  1037 | D:2      | Reached skill level 5 in Evocations
  1121 | D:2      | Noticed Sigmund
  1142 | D:2      | Slain by Sigmund

Illustrated notes

Levels and vault maps discovered:
D:1:      minmay_arrival_solitary_statue, layout_loops_cross, serial_shops,
          shop, kennysheep_doodads
D:2:      layout_rooms, uniq_sigmund

Skill      XL: |  1  2  3 |
---------------+----------+-----
Evocations     | 4 5 |  5.1
Fighting       | |  1.1
Armour         | |  0.7
Dodging        | |  2.4
Stealth        | |  1.3

Action                     || total
---------------------------++-------
  Melee: Club              ||    89
         Punch             ||     1
  Evoke: Wand              ||     6
    Use: Potion            ||     1
   Stab: Sleeping          ||     5
         Invisible         ||     1
 Armour: Ring mail         ||    39
         Leather armour    ||     3
  Dodge: Dodged            ||    83

Table legend: (Time is in decaauts)
 A = Elapsed time spent in this place.
 B = Non-inter-level travel time spent in this place.
 C = Inter-level travel time spent in this place.
 D = Time resting spent in this place.
 E = Time spent auto-exploring this place.
 F = Levels seen in this place.
 G = Mean time per level.
                   A        B        C        D        E       F      G
               +--------+--------+--------+--------+--------+-----+--------+
         Total |   1168 |   1147 |     21 |      0 |    910 |   2 |  584.0 |
       Dungeon |   1168 |   1147 |     21 |      0 |    910 |   2 |  584.0 |
               +--------+--------+--------+--------+--------+-----+--------+

Top non-repeatable levels by time:
     D:1: 916 daAuts
     D:2: 251 daAuts
